 Dungeon Crawl Stone Soup version 0.25-a0-930-g9f5dfa9815 (webtiles) character file.

Game seed: 4972892285137697964, levelgen mode: classic

20 Amnesiac the Chiller (level 2, -1/19 (20) HPs)
             Began as a Ghoul Ice Elementalist on May 4, 2020.
             Slain by an adder (2 damage)
             ... on level 2 of the Dungeon.
             The game lasted 00:01:02 (376 turns).

Amnesiac the Chiller (Ghoul Ice Elementalist)        Turns: 376, Time: 00:01:02

HP:   -1/19 (20)    AC:  5    Str: 11    XL:     2   Next: 79%
MP:   0/4           EV: 10    Int: 10    God:
Gold: 16            SH:  0    Dex:  9    Spells: 4/5 levels left

rFire    . . .     SeeInvis .   (no weapon)
rCold    + . .     Gourm    .   (no shield)
rNeg     + + +     Faith    .   f - +0 ring mail
rPois    ∞         Spirit   .   (no helmet)
rElec    .         Reflect  .   (no cloak)
rCorr    .         Harm     .   (no gloves)
MR       .....                  (no boots)
Stlth    +.........             (no amulet)
HPRegen  0.00/turn              (no ring)
MPRegen  0.09/turn              (no ring)

@: very slightly contaminated, rotting
A: rotting body, claws 1, carnivore, cold resistance 1, negative energy
resistance 3, inhibited regeneration, torment resistance, unbreathing
a: no special abilities


You were on level 2 of the Dungeon.
You were not hungry.

You visited 1 branch of the dungeon, and saw 3 of its levels.

You collected 16 gold pieces.

Inventory:

Missiles
 d - 26 stones (quivered)
 e - 17 sling bullets
Armour
 f - a +0 ring mail (worn)
Comestibles
 c - a ration


   Skills:
 - Level 1.7 Dodging
 - Level 2.1 Stealth
 + Level 2.1 Spellcasting
 * Level 5.0 Ice Magic


You had 4 spell levels left.
You knew the following spells:

 Your Spells              Type           Power        Failure   Level  Hunger
a - Freeze                Ice            ##..         10%         1    ##.....

Your spell library contained the following spells:

 Spells                   Type           Power        Failure   Level  Hunger
 Frozen Ramparts          Ice            ##....       28%         3    ####...
 Ozocubu's Armour         Chrm/Ice       #.......     63%         3    ####...
 Hailstorm                Conj/Ice       #.......     95%         4    #####..
 Summon Ice Beast         Ice/Summ       #.......     95%         4    #####..


Dungeon Overview and Level Annotations

Branches:
Dungeon (3/15)

Altars:

Annotations:
D:3 Natasha


Innate Abilities, Weirdness & Mutations

Your body is rotting away.
You thrive on raw meat.
You are immune to poison.
You have sharp fingernails.
You are carnivorous and can eat meat at any time.
Your flesh is cold resistant. (rC+)
You are immune to negative energy. (rN+++)
You do not regenerate when monsters are visible.
You are immune to unholy pain and torment.
You can survive without breathing.


Message History

Casting: Freeze (safe; 10% risk of failure)
Confirm with . or Enter, or press ? or * to list all spells.
You don't have enough magic to cast that spell.
You barely miss the adder.
The adder is heavily wounded.
The adder barely misses you.
Casting: Freeze (safe; 10% risk of failure)
Confirm with . or Enter, or press ? or * to list all spells.
Aiming: Freeze (safe; 10% risk of failure)
Press: ? - help, Shift-Dir - straight line, f/p - adder
Aim: an adder (heavily wounded)
You freeze the adder.
The adder is severely wounded.
The adder seems to slow down.
The adder closely misses you.
Your ring mail prevents you from hitting the adder.
The adder is severely wounded.
The adder bites you but does no damage.
Casting: Freeze (safe; 10% risk of failure)
Confirm with . or Enter, or press ? or * to list all spells.
You don't have enough magic to cast that spell.
You closely miss the adder.
The adder is severely wounded.
The adder is no longer moving slowly.
The adder bites you.
* * * LOW HITPOINT WARNING * * *
Casting: Freeze (safe; 10% risk of failure)
Confirm with . or Enter, or press ? or * to list all spells.
You don't have enough magic to cast that spell.
Casting: Freeze (safe; 10% risk of failure)
Confirm with . or Enter, or press ? or * to list all spells.
You don't have enough magic to cast that spell.
You closely miss the adder.
The adder is severely wounded.
You feel your flesh rotting away. The adder closely misses you.
Casting: Freeze (safe; 10% risk of failure)
Confirm with . or Enter, or press ? or * to list all spells.
You don't have enough magic to cast that spell.
You miss the adder.
The adder is severely wounded.
The adder bites you.
* * * LOW HITPOINT WARNING * * *
The adder barely misses you.
Casting: Freeze (safe; 10% risk of failure)
Confirm with . or Enter, or press ? or * to list all spells.
You don't have enough magic to cast that spell.
You closely miss the adder.
The adder is heavily wounded.
The adder bites you.
* * * LOW HITPOINT WARNING * * *
Casting: Freeze (safe; 10% risk of failure)
Confirm with . or Enter, or press ? or * to list all spells.
You don't have enough magic to cast that spell.
You are too injured to fight recklessly!
Okay, then.
The adder bites you.
* * * LOW HITPOINT WARNING * * *
You barely miss the adder.
The adder is heavily wounded.
The adder bites you but does no damage.
Unknown command.
You completely miss the adder.
The adder is heavily wounded.
The adder bites you.
You die...

...# #.### ...#
#.#.. ...... ..#
#.#.# #..... ..#
#######.#<# #.....
#.# #.......#.#
#.w.. #.#
#.######### #....
#.####....#
#....###>....###.#
#....#@S.###.# #
#...### #.#
#...### #.# ####
#.. ###


You could see an adder.

Vanquished Creatures
  2 adders
  A kobold (D:2)
  A rat (D:1)
4 creatures vanquished.

Notes
Turn   | Place    | Note
-------+----------+-------------------------------------------
     0 | D:1      | Amnesiac the Ghoul Ice Elementalist began the quest for the
                  | Orb.
     0 | D:1      | Reached XP level 1. HP: 14/14 MP: 2/2
   198 | D:2      | Reached XP level 2. HP: 3/20 MP: 0/4
   311 | D:3      | Reached skill level 5 in Ice Magic
   347 | D:3      | Noticed Natasha
   354 | D:3      | Noticed a crimson imp
   376 | D:2      | Slain by an adder

Levels and vault maps discovered:
D:1:      dpeg_arrival_signposts, layout_loops_ring, minmay_tall_x
D:2:      minmay_angry_zag, layout_basic, first_ration,
          chequers_ecumenical_altar_simple_redux, okawaru_altar_gauntlet_db
D:3:      layout_basic, nicolae_dithmenos_through_a_glass_darkly, uniq_natasha

Skill      XL: |  1  2 |
---------------+-------+-----
Spellcasting   | 2 |  2.1
Ice Magic      | 5 |  5.0
Dodging        | |  1.7
Stealth        | |  2.1

Action                   || total
-------------------------++-------
Melee: Unarmed           ||    14
 Cast: Freeze            ||    16
  Use: Potion            ||     1
  Eat: Chunk             ||     3
Armor: Ring mail         ||     7
Dodge: Dodged            ||    19

Table legend:
 A = Non-vault XP
 B = Vault XP
 C = Vault XP percentage of total XP
 D = Non-vault monster count
 E = Vault monster count
 F = Vault count percentage of total count
                 A         B        C        D         E       F
            +---------+---------+-------+---------+---------+-------
      Total |      29 |       0 |   0.0 |       4 |       0 |   0.0
            +---------+---------+-------+---------+---------+-------
        D:1 |       1 |       0 |   0.0 |       1 |       0 |   0.0
        D:2 |      15 |       0 |   0.0 |       2 |       0 |   0.0
        D:3 |      13 |       0 |   0.0 |       1 |       0 |   0.0
            +---------+---------+-------+---------+---------+-------
